 Dungeon Crawl Stone Soup version 0.31-a0-473-g61b50ae490 (webtiles) character file.

Game seed: 3125333039745103766

1005 horus123 the Conjurer (level 8, 0/41 HPs)
             Began as a Deep Elf Earth Elementalist on Aug 6, 2023.
             Was an Initiate of Gozag.
             Killed from afar by a steam dragon (10 damage)
             ... with a ball of steam
             ... on level 6 of the Dungeon.
             The game lasted 00:09:03 (4850 turns).

horus123 the Conjurer (Deep Elf Earth Elementalist) Turns: 4850, Time: 00:09:04

Health: 0/41       AC:  4    Str: 11    XL:     8   Next: 0%
Magic:  15/19      EV: 12    Int: 23    God:    Gozag
Gold:   382        SH:  0    Dex: 15    Spells: 15/19 levels left

rFire   . . .        t - +3 whip of a Labyrinth {elec, rC+ Stlth+}
rCold   + . .        (no shield)
rNeg    + + .        q - +1 robe of Idealism {-Tele Rampage rPois rN++}
rPois   +            (no helmet)
rElec   .            (no cloak)
rCorr   .            (no gloves)
SInv    .            h - +0 pair of boots
Will    .....        k - amulet of the acrobat
Stlth   +++          y - +6 ring of strength
HPRegen 0.26/turn    (no ring)
MPRegen 0.16/turn

%: no teleportation, acrobat, rampage
@: no status effects
A: no striking features
a: Renounce Religion, Potion Petition, Call Merchant, Bribe Branch


You were on level 6 of the Dungeon.
You worshipped Gozag.
Gozag was aware of your devotion.
You visited 1 branch of the dungeon, and saw 6 of its levels.

You collected 547 gold pieces.
You spent 125 gold pieces at shops.
You paid 40 gold pieces to Gozag.

Inventory:

Hand Weapons
 t - the +3 whip of a Labyrinth (weapon) {elec, rC+ Stlth+}
   (You found it on level 4 of the Dungeon)

   rC:        It protects you from cold.
   Stlth:     It makes you more stealthy.
Armour
 a - a +0 robe
 h - a +0 pair of boots (worn)
 q - the +1 robe of Idealism (worn) {-Tele Rampage rPois rN++}
   (You bought it in a shop on level 1 of the Dungeon)

   rPois:     It protects you from poison.
   rN:        It greatly protects you from negative energy.
   -Tele:     It prevents most forms of teleportation.
   Rampage:   It bestows one free step when moving towards enemies.
 w - a +0 plate armour
Jewellery
 k - an amulet of the acrobat (around neck)
 y - a +6 ring of strength (left hand)
Wands
 j - a wand of paralysis (9)
 p - a wand of mindburst (7)
 u - a wand of digging (6)
Scrolls
 c - a scroll of identify
 e - 2 scrolls of fog
 i - a scroll of enchant weapon
 l - 2 scrolls of teleportation
 m - a scroll of revelation
 n - a scroll of blinking
 o - a scroll of amnesia
 r - 3 scrolls of immolation
 s - a scroll of poison {unknown}
Potions
 b - 2 potions of magic
 d - 4 potions of curing {unknown}
 f - a potion of attraction {unknown}
 g - a potion of invisibility {unknown}
 v - a potion of mutation {unknown}
 x - a potion of heal wounds {unknown}


   Skills:
 - Level 2.4 Dodging
 - Level 2.4 Stealth
 - Level 6.0 Spellcasting
 + Level 7.5 Conjurations
 - Level 1.1 Transmutations
 - Level 6.0 Earth Magic


You had 15 spell levels left.
You knew the following spells:

 Your Spells              Type           Power      Damage    Failure   Level
a - Sandblast             Erth           68%        2d15      1%          1
b - Stone Arrow           Conj/Erth      76%        3d11      1%          3

Your spell library contained the following spells:

 Spells                   Type           Power      Damage    Failure   Level
 Passwall                 Tmut/Erth      19%        N/A       3%          2
 Wereblood                Tmut           11%        N/A       9%          2
 Sublimation of Blood     Necr           6%         N/A       13%         2
 Petrify                  Tmut/Erth      23%        N/A       21%         4
 Summon Hydra             Summ           3%         N/A       100%        7


Dungeon Overview and Level Annotations

Branches:
Dungeon (6/15)
 Temple: D:4-7

Altars:
Ashenzari
Cheibriados
Dithmenos
Gozag

Shops:
D:1 [   D:5 *

Annotations:
D:6 1 transporter


Message History

The blast of sand hits the steam dragon.
The steam dragon is lightly wounded.
The steam dragon hisses angrily.
You hear an angry hiss.
The steam dragon breathes steam at you. The ball of steam hits you!!
An iguana comes into view.
You hear a bark!
You are engulfed in a cloud of scalding steam.
Aiming: Sandblast (safe; 1% risk of failure)
Press: ? - help, Q - select action, (/) - cycle Shift-Dir - straight line, f/p - steam dragon
Aim: a steam dragon (steam, lightly wounded, 84% to hit)
The blast of sand hits the steam dragon but does no damage.
The steam dragon is lightly wounded.
Unknown command.
Aiming: Sandblast (safe; 1% risk of failure)
Press: ? - help, Q - select action, (/) - cycle Shift-Dir - straight line, f/p - steam dragon
Aim: a steam dragon (lightly wounded, 84% to hit)
The blast of sand hits the steam dragon.
The steam dragon is lightly wounded.
The steam dragon bites you.
* * * LOW HITPOINT WARNING * * *
The steam dragon claws you.
* * * LOW HITPOINT WARNING * * *
Aiming: Sandblast (safe; 1% risk of failure)
Press: ? - help, Q - select action, (/) - cycle Shift-Dir - straight line, f/p - steam dragon
Aim: a steam dragon (lightly wounded, 84% to hit)
The blast of sand misses the steam dragon.
The blast of sand hits the iguana!
The iguana is heavily wounded.
The steam dragon bites you but does no damage.
The steam dragon claws you but does no damage.
Aiming: Sandblast (safe; 1% risk of failure)
Press: ? - help, Q - select action, (/) - cycle Shift-Dir - straight line, f/p - steam dragon
Aim: a steam dragon (lightly wounded, 84% to hit)
The blast of sand hits the steam dragon but does no damage.
The steam dragon is lightly wounded.
The steam dragon breathes steam at you. The ball of steam hits you!
You die...
Your body crumbles into a pile of gold.

#..........#
##..........#
..........<.#
............#
#.#####.#####
$ ##.# #..#
####.##
#.lD@#
#..####
...ยง. #..D..
#....#.
#....#> #...
## #...


You could see a steam dragon (catching breath) and an iguana.

Vanquished Creatures
  The ghost of Tollund the Grasshopper, an amateur DsWr (D:3)
  An orc warrior (D:5)
  2 black bears (D:4)
  2 phantoms
  A bullfrog (D:4)
  2 scorpions
  A jelly (D:5)
  A hound (D:4)
  An iguana (D:5)
  An orc wizard (D:5)
  5 adders
  4 worms
  2 dart slugs
  8 orcs
  8 ball pythons
  5 endoplasms
  3 giant cockroaches
  7 goblins
  7 hobgoblins
  6 jackals
  7 kobolds
  3 quokkas
  4 bats
  6 frilled lizards
  2 rats (D:2)
90 creatures vanquished.

Notes
Turn   | Place    | Note
-------+----------+-------------------------------------------
     0 | D:1      | horus123 the Deep Elf Earth Elementalist began the quest
                  | for the Orb.
     0 | D:1      | Reached XP level 1. HP: 10/10 MP: 6/6
   137 | D:1      | Found Ytainafo's Antique Armour Shoppe.
   402 | D:1      | Reached XP level 2. HP: 15/15 MP: 7/9
   534 | D:1      | Found a faded altar of an unknown god.
  1018 | D:2      | Reached skill level 5 in Spellcasting
  1018 | D:2      | Reached XP level 3. HP: 19/19 MP: 7/11
  1414 | D:2      | Noticed a phantom
  1421 | D:2      | Killed a phantom
  1422 | D:2      | Reached XP level 4. HP: 24/24 MP: 8/14
  1426 | D:2      | Learned a level 3 spell: Stone Arrow
  1870 | D:3      | Found an opulent altar of Gozag.
  1876 | D:3      | Became a worshipper of Gozag Ym Sagoz the Greedy
  1944 | D:3      | Reached XP level 5. HP: 25/28 MP: 11/15
  2057 | D:3      | Found a broken altar of Ashenzari.
  2209 | D:3      | Found a large runed translucent door.
  2209 | D:3      | Found a large runed translucent door.
  2223 | D:3      | Noticed Tollund's ghost (amateur DsWr)
  2237 | D:3      | Killed Tollund's ghost
  2238 | D:3      | Reached XP level 6. HP: 25/32 MP: 7/17
  2430 | D:3      | Found a shadowy altar of Dithmenos.
  2947 | D:1      | Bought a fabulously ornate robe for 125 gold pieces
  2947 | D:1      | Identified the +1 robe of Idealism {-Tele Rampage rPois
                  | rN++} (You bought it in a shop on level 1 of the Dungeon)
  3022 | D:4      | Identified the +3 whip of a Labyrinth {elec, rC+ Stlth+}
  3026 | D:4      | Reached skill level 1 in Conjurations
  3199 | D:4      | Reached skill level 3 in Conjurations
  3230 | D:4      | Reached skill level 4 in Conjurations
  3314 | D:4      | Reached XP level 7. HP: 36/36 MP: 12/18
  3456 | D:4      | Found a snail-covered altar of Cheibriados.
  3460 | D:4      | Reached skill level 5 in Conjurations
  4033 | D:5      | Entered Level 5 of the Dungeon
  4038 | D:5      | Identified the +4 quarterstaff "Benaz" {antimagic, rPois
                  | Str+4}
  4241 | D:5      | Reached skill level 6 in Conjurations
  4413 | D:5      | Found Hitohe's Elemental Accessories.
  4419 | D:5      | Reached skill level 7 in Conjurations
  4815 | D:6      | Reached XP level 8. HP: 36/41 MP: 15/19
  4837 | D:6      | Found a transporter.
  4850 | D:6      | Killed from afar by a steam dragon

Illustrated notes

Levels and vault maps discovered:
D:1:      dpeg_arrival_round_a, layout_basic, serial_shops, shop,
          shapermc_ecumenical_altar_flowoftime
D:2:      layout_basic
D:3:      layout_loops_corners, mainiacjoe_overflow_boulevard,
          lemuel_doored_altar, mainiacjoe_overflow_catwalk,
          ebering_ghost_disaster_area
D:4:      layout_basic, mainiacjoe_overflow_small_starburst
D:5:      layout_rooms, serial_curves, eino_curves_04, eino_curves_03,
          mumra_transporter_accident, nicolae_elemental_shop,
          nicolae_nh_ransacked_shop
D:6:      old_forge, layout_rooms, temple_fountains, gammafunk_ghost_arena

Skill      XL: |  1  2  3  4  5  6  7 |
---------------+----------------------+-----
Spellcasting   | 4 5 6 |  6.0
Earth Magic    | 4 6 |  6.0
Conjurations   | 4 7 |  7.5
Dodging        | |  2.4
Stealth        | |  2.4
Transmutations | |  1.1

Action                     |  1- 3 |  4- 6 |  7- 9 || total
---------------------------+-------+-------+-------++-------
  Melee: Unarmed           |       |       |     1 ||     1
   Cast: Sandblast         |    44 |    56 |    47 ||   147
    Use: Scroll            |       |       |     7 ||     7
 Armour: Robe              |     3 |     5 |     6 ||    14
  Dodge: Dodged            |     2 |     9 |     8 ||    19

Table legend: (Time is in decaauts)
 A = Elapsed time spent in this place.
 B = Non-inter-level travel time spent in this place.
 C = Inter-level travel time spent in this place.
 D = Time resting spent in this place.
 E = Time spent auto-exploring this place.
 F = Levels seen in this place.
 G = Mean time per level.
                   A        B        C        D        E       F      G
               +--------+--------+--------+--------+--------+-----+--------+
         Total |   4923 |   4664 |    259 |     75 |   3876 |   6 |  820.5 |
       Dungeon |   4923 |   4664 |    259 |     75 |   3876 |   6 |  820.5 |
               +--------+--------+--------+--------+--------+-----+--------+

Top non-repeatable levels by time:
     D:2: 1105 daAuts
     D:3: 1045 daAuts
     D:4: 1042 daAuts
     D:1: 897 daAuts
     D:5: 790 daAuts
     D:6: 42 daAuts
